 Dungeon Crawl Stone Soup version 0.17-a0-1632-g0af21bd (console) character file.

746 FIQ the Cudgeler (level 7, -3/44 HPs)
             Began as a Gargoyle Abyssal Knight on Aug 3, 2015.
             Was a Priest of Lugonu.
             Killed by nerve-wracking pain
             ... invoked by a shadow imp
              (14 damage)
             ... on level 6 of the Dungeon.
             The game lasted 00:23:55 (5360 turns).

FIQ the Cudgeler (Gargoyle Abyssal Knight)          Turns: 5360, Time: 00:23:55

Health: -3/44      AC: 16    Str: 16    XL:     7   Next: 77%
Magic:  10/10      EV:  9    Int: 12    God:    Lugonu [***...]
Gold:   236        SH:  0    Dex: 16    Spells: 1 memorised, 4 levels left

rFire  + + .     SeeInvis .     b - +1 mace (holy)
rCold  x . .     Clarity  .     f - +0 fire dragon armour
rNeg   + . .     SustAt   .     (no shield)
rPois  ∞         Gourm    .     (no helmet)
rElec  +         Spirit   .     q - +0 cloak
rCorr  .         Warding  .     r - +0 pair of gloves
rMut   .         Stasis   .     (no boots)
MR     .....                    (no amulet)
Stlth  ..........               (no ring)
                                p - +5 ring of dexterity

@: not resistant to hostile enchantments, extremely unstealthy
A: negative energy resistance 1, electricity resistance, unbreathing,
petrification resistance, rot immunity, AC +4
a: Depart the Abyss, Bend Space, Banish, Renounce Religion


You were on level 6 of the Dungeon.
You worshipped Lugonu.
Lugonu was most pleased with you.
You were very full.

You visited 1 branch of the dungeon, and saw 6 of its levels.
You visited the Abyss 1 time.

You collected 236 gold pieces.

Inventory:

Hand weapons
 a - a +0 whip
 b - a +1 mace of holy wrath (weapon)
 m - a +1 mace
Armour
 e - a +0 ring mail
 f - a +0 fire dragon armour (worn)
 q - a +0 cloak (worn)
 r - a +0 pair of gloves (worn)
Jewellery
 n - a -4 ring of strength
 p - a +5 ring of dexterity (left hand)
Magical devices
 v - a wand of cold (6)
 x - a wand of slowing (24)
Scrolls
 g - 4 scrolls of remove curse
 o - 6 scrolls of identify
 u - a scroll of magic mapping
 B - a scroll of recharging
 E - a scroll of enchant armour
Potions
 d - a potion of cancellation
 k - 2 potions of brilliance
 A - a potion of might
Books
 y - a book of Burglary

   Spells                             Type                      Level
   a - Swiftness                      Charms/Air                   2
   b - Passwall                       Transmutation/Earth          3
   c - Passage of Golubria            Translocation                4
   d - Lee's Rapid Deconstruction     Earth                        5
   e - Darkness                       Hexes                        6
   f - Invisibility                   Hexes                        6
Comestibles
 c - 6 bread rations
 w - 4 meat rations


   Skills:
 + Level 5.0 Fighting
 * Level 5.7 Maces & Flails
 + Level 4.2 Armour
 - Level 0.7 Dodging
 + Level 1.1 Charms
 + Level 4.3 Invocations


You had 4 spell levels left.
You knew the following spells:

 Your Spells              Type           Power        Failure   Level  Hunger
a - Swiftness             Chrm/Air       #.......     99%         2    ###....


Dungeon Overview and Level Annotations

Branches:
Dungeon (6/15)
 Temple: D:4-7

Altars:
Cheibriados
Gozag
Kikubaaqudgha
Trog
Xom
The Shining One

Shops:
D:5 :%

Annotations:
D:3 FIQ's ghost, average FoAK
D:6 Nattefrost's ghost, experienced NaBe


Innate Abilities, Weirdness & Mutations

You are resistant to torment.
Your stone body is resilient (AC +4).
You are immune to poison.
You resist negative energy.
You are resistant to electric shocks.
You can survive without breathing.
You are immune to petrification.
You are immune to rotting.


Message History

Use which ability? (? or * to list)
Press: ? - help, Shift-Dir - straight line, f - shadow imp
Aim: a shadow imp (heavily wounded, chance to defeat MR: 79%)
Okay, then.
Drink which item? (? for menu, Esc to quit)
You feel better. The shadow imp hits you.
* * * LOW HITPOINT WARNING * * *
Read which item? (? for menu, Esc to quit)
Identify which item? (\ to view known items) (? for menu, Esc to quit)
As you read the scroll of identify, it crumbles to dust.
A - a potion of might The shadow imp sputters.
The shadow imp hits you but does no damage.
Read which item? (? for menu, Esc to quit)
As you read the scroll of fear, it crumbles to dust.
You assume a fearsome visage.
The shadow imp is unaffected.
The shadow imp puffs mist at you. The shadow imp gestures at you.
Pain shoots through your body!
You die...

########.##.#.#
#........##.#.#
#........##.#.########
#........##<..........
#........####.########.
#.....<....##.##### #.
#........####.#...# #.
#...........#.#.#.# #.
########.####.#...#.# #.
(...........#.#.###.####.
#......#@#.##.#.#........
.......#5#.##.#.#.#....W.
#......#.#.##.#...#######
#......#.#..........###
######.#.####.>.......#
#.#.# #######.#.# ..#.#
#.......# #
#.####.#######.#
#..............#
######.########### #.#
.......


You could see a shadow imp.

Vanquished Creatures
  A phantom (D:5)
  A scorpion (D:5)
  A vampire bat (D:2)
  3 crimson imps
  A hound (D:4)
  A giant frog zombie (D:6)
  A gnoll shaman (D:4)
  A centaur skeleton (D:4)
  An orc priest (D:4)
  A worker ant (D:5)
  A killer bee zombie (D:5)
  2 orc wizards (D:4)
  4 gnolls
  5 adders
  An ooze (D:5)
  3 worms
  2 adder skeletons (D:4)
  5 giant geckos
  8 orcs
  3 bat skeletons (D:2)
  4 bat zombies (D:2)
  11 giant cockroaches
  6 hobgoblins
  4 jackals (D:5)
  5 kobolds
  3 quokkas
  7 bats
  5 giant newts
  A goblin (D:1)
  A jackal skeleton (D:5)
  2 quokka skeletons (D:4)
  5 rats
100 creatures vanquished.

Notes
Turn   | Place    | Note
--------------------------------------------------------------
     0 | Abyss:1  | FIQ the Gargoyle Abyssal Knight began the quest for the Orb.
     0 | Abyss:1  | Reached XP level 1. HP: 14/14 MP: 2/2
    67 | Abyss:3  | Found a sacrificial altar of Ru.
    78 | Abyss:3  | Noticed a wretched star
    88 | Abyss:3  | Noticed an ancient zyme
    90 | D:1      | Escaped the Abyss
   186 | D:1      | Acquired Lugonu's first power
   194 | D:1      | Reached XP level 2. HP: 13/19 MP: 3/3
  1098 | D:2      | Reached XP level 3. HP: 23/23 MP: 4/4
  1380 | D:2      | Acquired Lugonu's second power
  1509 | D:2      | Found an ancient bone altar of Kikubaaqudgha.
  1509 | D:2      | Noticed a vampire bat
  1519 | D:2      | Killed a vampire bat
  1519 | D:2      | Reached XP level 4. HP: 24/29 MP: 4/6
  1842 | D:3      | Noticed FIQ's ghost (average FoAK)
  2187 | D:3      | Reached XP level 5. HP: 15/33 MP: 7/7
  2815 | D:4      | Found a snail-covered altar of Cheibriados.
  2909 | D:4      | Reached skill level 4 in Maces & Flails
  2976 | D:4      | Reached XP level 6. HP: 21/38 MP: 8/8
  3280 | D:4      | Acquired Lugonu's third power
  3437 | D:4      | Found a bloodstained altar of Trog.
  3466 | D:4      | Found a shimmering altar of Xom.
  3545 | D:4      | Reached skill level 5 in Maces & Flails
  3726 | D:5      | Entered Level 5 of the Dungeon
  3726 | D:5      | Found Meg Rach's Food Emporium.
  3776 | D:5      | Reached XP level 7. HP: 40/44 MP: 8/10
  3801 | D:5      | Found Roum's Book Shoppe.
  3954 | D:5      | Learned a level 2 spell: Swiftness
  4162 | D:5      | Found a glowing golden altar of the Shining One.
  4162 | D:5      | Found an opulent altar of Gozag.
  4451 | D:6      | Noticed Nattefrost's ghost (experienced NaBe)
  4726 | D:5      | Reached skill level 1 in Charms
  5184 | D:6      | Reached skill level 5 in Fighting
  5360 | D:6      | Killed from afar by a shadow imp

Vault maps used:
D:1:      minmay_arrival_up_and_down
D:2:      kennysheep_vampire_church, first_bread
D:4:      forest_paths, led_xom_imps, lightli_temple_of_fire,
          cheibriados_altar_1
D:5:      gammafunk_temple_overflow_wave, serial_shops, shop, shop_statue,
          kennysheep_generic_room_12
D:6:      minmay_temple_entry_large_hall, uniq_blork_the_orc
Abyss:3:  evilmike_abyss_rune_acolytes_1

Action                   |  1- 3 |  4- 6 |  7- 9 || total
-------------------------+-------+-------+-------++-------
Melee: Mace              |    51 |    14 |    72 ||   137
       Whip              |   110 |   356 |   141 ||   607
Invok: Depart the Abyss  |     1 |       |       ||     1
  Use: Scroll            |     6 |     3 |     7 ||    16
       Potion            |     2 |     2 |     1 ||     5
  Eat: Chunk             |     2 |     8 |     3 ||    13
       Fruit             |       |       |     6 ||     6
       Royal jelly       |       |       |     1 ||     1
       Pizza             |       |       |     1 ||     1
       Beef jerky        |       |       |     1 ||     1
